Description

This build order is really easy to execute. He is designed for beginner or new player who want a solid build order to improve and to reach a good level. The goal is to do an early pressure and to go on a roachs / Hydras army. This build can be done against Zerg, Terran or Protoss with almost no variation from Bronze to Master. The build is really effective and he already helped many Zerg to go to diamond or Master.

Why i did this build order ?

  • Easy to do for beginner
  • Universal : Can be done against Zerg, Terran and Protoss
  • Easy to understand
  • Help you to improve your mechanics by focusing on macro
  • Macro oriented
  • Include scouting timing to help you learning how to scout
  • Can be done from bronze to master (I did a serie using only this)
  • Really powerfull with many strong timings

Few tips :

  • Against a Terran or a Zerg: Do a wall with 3 building in your expand to prevent run by
  • Don't commit on micro, macro is the most important thing
  • Never stop drone production (except if you want more unit)
  • Too many minerals = more hatch
  • Focus on your inject
  • Focus on one simple army composition: roach / Hydralisk
  • Learn to scout step by step: Understand why he is taking gas, why he doesn't expand etc...

This build is designed to be good in defense and in attack. In mid-diamond you should do some small adaptations like switching to broodlords at 9minute mark.

VOD

https://youtu.be/xpeJ-GAn0g0

Replay - Acid Plant LE (54)

Build Order

Get SALT Encoding   

  12  0:01  Drone  
  13  0:12  Overlord  
  13  0:22  Drone  
  14  0:30  Drone x3  
  17  0:53  Hatchery  
  17  0:56  Drone x2  
  17  1:02  Extractor  
  17  1:06  Drone  
  18  1:20  Spawning Pool  
  18  1:23  Drone x2  
  21  2:03  Overlord  
  21  2:06  Queen x2  
  25  2:09  Metabolic Boost  
  25  2:11  Zergling x4  
  32  2:49  Overlord  
  34  2:58  Lair  
  34  3:03  Queen  
  36  3:10  Roach Warren  
  35  3:12  Overlord  
  35  3:13  Evolution Chamber  
  38  3:29  Overlord  
  40  3:36  Spore Crawler x2  
  42  3:56  Zerg Missile Weapons Level 1  
  42  3:57  Glial Reconstitution  
  42  4:03  Extractor x2  
  42  4:09  Roach  
  45  4:40  Roach x5  
  58  4:53  Roach x4  
  58  4:58  Hatchery  
  68  5:09  Evolution Chamber  
  74  5:29  Extractor  
  78  5:50  Zerg Missile Weapons Level 2  
  78  5:52  Zerg Ground Armor Level 1  
  78  6:11  Hydralisk Den  
  87  6:19  Extractor x2  
  97  6:48  Hydralisk x2  
  101  6:59  Overseer  
  101  7:04  Hydralisk x4  
  105  7:13  Hydralisk x2  
  113  7:25  Hydralisk x2  
  119  7:36  Grooved Spines  
  129  7:49  Hatchery  
  138  8:02  Hydralisk Den  
  149  8:25  Zerg Ground Armor Level 2  
  149  8:31  Muscular Augments  
  165  9:00  Infestation Pit  
  164  9:05  Hatchery  
  164  9:07  Queen  
  191  9:33  Zergling x6  
  200  9:49  Hive  
  200  9:53  Hydralisk  
Spawning Tool Build Advisor. Get it on Overwolf

Go to:

Details

  • Created by: zuka      
  • Published on: Sep 27, 2018
  • Patch: 4.0.0
  • Difficulty: Easy
Show
View Real Time Build Order
Export as new Build Order

Comments (1)

On Aug. 13, 2019, 1:51 p.m., b67b9q5c7zz  said:

Full build order from replay: https://pastebin.com/raw/tweBMWcJ

Create an account to comment!